 Dungeon Crawl Stone Soup version 0.29.1-12-g30fa7ad0bf (webtiles) character file.

Game seed: 13058768694969153541

86 nachturnus the Grave Robber (level 4, -4/30 HPs)
             Began as a Human Necromancer on Dec 31, 2022.
             Killed by divine providence
             ... invoked by an orc priest
              (15 damage)
             ... on level 5 of the Dungeon.
             The game lasted 00:14:35 (2836 turns).

nachturnus the Grave Robber (Human Necromancer)     Turns: 2836, Time: 00:14:35

Health: -4/30      AC:  7    Str:  8    XL:     4   Next: 77%
Magic:  7/7        EV: 14    Int: 16    God:
Gold:   186        SH:  0    Dex: 15    Spells: 6/7 levels left

rFire   + . .      SeeInvis .   h - +0 short sword
rCold   . . .      Faith    .   (no shield)
rNeg    + . .      Spirit   .   a - +0 ring mail {rF+}
rPois   .          Reflect  .   (no helmet)
rElec   .          Harm     .   k - +0 cloak
rCorr   .          Rampage  .   (no gloves)
Will    .....                   i - +0 pair of boots
Stlth   +.........              (no amulet)
HPRegen 0.10/turn               c - +4 ring of evasion
MPRegen 0.10/turn               g - ring of positive energy

@: no status effects
A: no striking features
a: no special abilities


You were on level 5 of the Dungeon.
You visited 1 branch of the dungeon, and saw 4 of its levels.

You collected 186 gold pieces.

Inventory:

Hand Weapons
 h - a +0 short sword (weapon)
Armour
 a - a +0 ring mail of fire resistance (worn)
 i - a +0 pair of boots (worn)
 k - a +0 cloak (worn)
 l - a +0 plate armour
Jewellery
 c - a +4 ring of evasion (left hand)
 g - a ring of positive energy (right hand)
Scrolls
 e - a scroll of magic mapping
 f - a scroll of identify
 m - 2 scrolls of poison {unknown}
 p - 2 scrolls of enchant weapon {unknown}
 q - a scroll of enchant armour {unknown}
 r - a scroll of teleportation {unknown}
Potions
 b - 2 potions of magic
 d - a potion of mutation {unknown}
 j - 4 potions of heal wounds
 n - a potion of lignification
 o - a potion of might {unknown}


   Skills:
 + Level 2.4 Short Blades
 - Level 0.5 Armour
 - Level 2.0 Dodging
 - Level 2.0 Stealth
 - Level 2.0 Spellcasting
 - Level 5.0 Necromancy


You had 6 spell levels left.
You knew the following spells:

 Your Spells              Type           Power      Damage    Failure   Level
a - Necrotise             Necr           68%        1d7       9%          1

Your spell library contained the following spells:

 Spells                   Type           Power      Damage    Failure   Level
 Vampiric Draining        Necr           17%        2d7       24%         3
 Beastly Appendage        Tmut           2%         N/A       54%         1
 Summon Small Mammal      Summ           4%         N/A       54%         1
 Animate Dead             Necr           17%        N/A       63%         4
 Wereblood                Tmut           1%         N/A       67%         2
 Call Canine Familiar     Summ           1%         N/A       88%         3
 Spider Form              Tmut/Pois      1%         N/A       88%         3
 Summon Guardian Golem    Hex/Summ       1%         N/A       88%         3
 Agony                    Necr           17%        N/A       92%         5


Dungeon Overview and Level Annotations

Branches:
Dungeon (3/15)

Altars:

Portals:
Abyss: D:3

Annotations:
D:3 2 transporters, growler's ghost, amateur DsHW


Message History

An orc comes into view. It is wielding a +0 war axe.
An orc is nearby!
An orc priest comes into view. It is wielding a +0 mace.
The orc barely misses you.
The orc priest shouts!
You hit the orc.
The orc is severely wounded.
The orc misses you.
You hit the orc.
The orc is almost dead.
The orc barely misses you.
You hit the orc.
You kill the orc!
You hit the orc priest.
The orc priest is lightly wounded.
The orc priest mumbles some strange prayers to Beogh against you.
Beogh smites you!
You closely miss the orc priest.
The orc priest is lightly wounded.
The orc priest barely misses you.
You hit the orc priest but do no damage.
The orc priest is lightly wounded.
The orc priest hits you with a +0 mace.
You barely miss the orc priest. You punch the orc priest.
The orc priest is moderately wounded.
The orc priest hits you with a +0 mace.
You barely miss the orc priest.
The orc priest is moderately wounded.
The orc priest barely misses you.
You closely miss the orc priest.
The orc priest is moderately wounded.
You hit the orc priest.
The orc priest is heavily wounded.
The orc priest completely misses you.
You closely miss the orc priest.
The orc priest is heavily wounded.
The orc priest calls down the wrath of Beogh upon you.
Beogh smites you!
Ouch! That really hurt!
You die...

#.............>.......
############..........
...#.......'..........
##.#.#######..........
##.#.# ####.....##
##.#'## .###.# ##....#
.. ..
.#....############# #
.'.†..'.........@)#
.##...###########o#
.##...# #.# .##...#
#.# .###### #.# .# #.#
## #.# #.#


You could see an orc priest.

Vanquished Creatures
  An orc wizard (D:5)
  An adder (D:5)
  An orc (D:5)
  3 endoplasms
  A giant cockroach (D:2)
  6 goblins
  6 hobgoblins
  4 jackals (D:1)
  4 kobolds
  2 quokkas
  5 ball pythons
  3 bats (D:1)
  3 frilled lizards
  3 rats
43 creatures vanquished.

Vanquished Creatures (collateral kills)
  An endoplasm (D:1)
  2 ball pythons (D:1)
  A frilled lizard (D:1)
  2 rats (D:1)
6 creatures vanquished.

Grand Total: 49 creatures vanquished

Notes
Turn   | Place    | Note
-------+----------+-------------------------------------------
     0 | D:1      | nachturnus the Human Necromancer began the quest for the
                  | Orb.
     0 | D:1      | Reached XP level 1. HP: 13/13 MP: 3/3
   106 | D:1      | Reached XP level 2. HP: 19/19 MP: 1/5
   449 | D:1      | Reached XP level 3. HP: 24/24 MP: 2/6
   715 | D:1      | Reached skill level 5 in Necromancy
  1328 | D:2      | Found a faded altar of an unknown god.
  2148 | D:3      | Reached skill level 1 in Short Blades
  2205 | D:3      | Noticed growler's ghost (amateur DsHW)
  2207 | D:3      | Noticed a toenail golem
  2214 | D:3      | Noticed a small abomination
  2237 | D:3      | Found a transporter.
  2265 | D:3      | Found a transporter.
  2265 | D:3      | Found a one-way gate to the infinite horrors of the Abyss.
  2367 | D:3      | Reached XP level 4. HP: 21/30 MP: 7/7
  2517 | D:3      | You fall into a shaft and drop 2 floors!
  2517 | D:5      | Entered Level 5 of the Dungeon
  2836 | D:5      | Killed from afar by an orc priest

Illustrated notes

Levels and vault maps discovered:
D:1:      psy_arrival_radial02, layout_rooms
D:2:      layout_basic, shapermc_ecumenical_altar_venn
D:3:      layout_rooms, gammafunk_ghost_abyssal_escape
D:5:      layout_basic, kiku_gazebo_pond_becter, minivault_1

Skill      XL: |  1  2  3  4 |
---------------+-------------+-----
Necromancy     | 5 |  5.0
Short Blades   | 1 2 |  2.4
Armour         | |  0.5
Dodging        | |  2.0
Stealth        | |  2.0
Spellcasting   | |  2.0

Action                   |  1- 3 |  4- 6 || total
-------------------------+-------+-------++-------
Melee: Unarmed           |    13 |       ||    13
       Dagger            |    75 |       ||    75
       Punch             |     1 |     1 ||     2
       Short sword       |    59 |    38 ||    97
 Cast: Necrotise         |    33 |       ||    33
  Use: Scroll            |     3 |       ||     3
       Potion            |     1 |       ||     1
 Stab: Sleeping          |     4 |       ||     4
Armor: Robe              |     9 |       ||     9
       Skin              |    31 |       ||    31
       Plate armour      |    21 |       ||    21
       Ring mail         |     8 |     8 ||    16
Dodge: Dodged            |    96 |    23 ||   119
